 Dungeon Crawl Stone Soup version 0.27.0-1-g7a089689b8 (webtiles) character file.

Game seed: 7440694357328931795

39 horus123 the Skirmisher (level 3, -1/29 HPs)
             Began as a Demonspawn Monk on Aug 1, 2021.
             Slain by a worm (6 damage)
             ... on level 2 of the Dungeon.
             The game lasted 00:03:04 (1495 turns).

horus123 the Skirmisher (Demonspawn Monk)           Turns: 1495, Time: 00:03:04

Health: -1/29      AC:  4    Str: 11    XL:     3   Next: 26%
Magic:  3/3        EV: 13    Int: 12    God:
Gold:   96         SH:  4    Dex: 15    Spells: 2/2 levels left

rFire    . . .     SeeInvis +   a - +0 falchion
rCold    . . .     Faith    .   (no shield)
rNeg     . . .     Spirit   .   b - +0 robe
rPois    .         Reflect  .   h - +0 helmet
rElec    .         Harm     .   c - +0 cloak
rCorr    .         Rampage  .   (no gloves)
Will     .....                  (no boots)
Stlth    ++........             (no amulet)
HPRegen  0.09/turn              i - ring of see invisible
MPRegen  0.08/turn              (no ring)

@: no status effects
A: large bone plates 1
a: no special abilities


You were on level 2 of the Dungeon.
You visited 1 branch of the dungeon, and saw 2 of its levels.

You collected 96 gold pieces.

Inventory:

Hand Weapons
 a - a +0 falchion (weapon)
Armour
 b - a +0 robe (worn)
 c - a +0 cloak (worn)
 h - a +0 helmet (worn)
Jewellery
 i - a ring of see invisible (left hand)
Scrolls
 d - 3 scrolls of teleportation {unknown}
 f - a scroll of blinking {unknown}
Potions
 e - a potion of degeneration {unknown}
 g - a potion of might {unknown}


   Skills:
 + Level 3.5 Fighting
 + Level 3.2 Long Blades
 + Level 3.0 Dodging
 + Level 1.9 Stealth


You had 2 spell levels left.
You didn't know any spells.
Your spell library was empty.

Dungeon Overview and Level Annotations

Branches:
Dungeon (2/15)

Altars:

Annotations:
D:2 Sigmund


Innate Abilities, Weirdness & Mutations

You are partially covered in large bone plates. (SH +4)


Message History

Sigmund is nearby!
Sigmund screams, "Die, monster!"
Sigmund casts a spell at you. The puff of flame misses you.
Sigmund points at you and mumbles some strange words.
You are confused.
Sigmund points at you and mumbles some strange words.
You resist with significant effort.
You feel less confused. Sigmund misses you. Sigmund casts a spell at you.
The puff of flame misses you.
Sigmund points at you and mumbles some strange words.
You resist with significant effort.
A worm comes into view.
Found a book of Iron.
A ball python comes into view.
A kobold comes into view. It is wielding a +0 short sword.
Sigmund hits you from afar with a +0 scythe!
You block Sigmund's attack.
You barely miss Sigmund. Sigmund casts a spell at you.
You resist with significant effort.
You hit Sigmund.
Sigmund is lightly wounded.
Sigmund hits you with a +0 scythe! The worm bites you.
* * * LOW HITPOINT WARNING * * *
You hit Sigmund.
Sigmund is lightly wounded.
Sigmund closely misses you.
You riposte.
You barely miss Sigmund.
Sigmund is lightly wounded.
Sigmund hits you with a +0 scythe.
* * * LOW HITPOINT WARNING * * *
You closely miss Sigmund.
Sigmund is lightly wounded.
The worm closely misses you. You block Sigmund's attack.
You barely miss Sigmund.
Sigmund is lightly wounded.
The worm bites you.
You die...

...####....#..##.##.....#
.######....##..#..#.....
. .)......#.####.##.#....
.. ..........# #..#....#
... .........## ##.##..#
.. .[......##
#.##..##.###. ........#
##............ ........#
##.@###.....#. ........#
#..w@......:... ......###
#...######.##.... ..$...#
#...# ... ... .......
..#. ....... ........ ..w
K..S.. . ...... ......


You could see Sigmund and a worm.

Vanquished Creatures
  An adder (D:2)
  A dart slug (D:1)
  2 ball pythons (D:1)
  2 bats (D:1)
  3 endoplasms
  2 giant cockroaches (D:1)
  2 goblins (D:1)
  3 hobgoblins (D:1)
  A quokka (D:1)
  A frilled lizard (D:2)
  3 kobolds
  5 rats
26 creatures vanquished.

Notes
Turn   | Place    | Note
-------+----------+-------------------------------------------
     0 | D:1      | horus123 the Demonspawn Monk began the quest for the Orb.
     0 | D:1      | Reached XP level 1. HP: 18/18 MP: 1/1
   213 | D:1      | Gained mutation: You are partially covered in large bone
                  | plates. (SH +4) [demonic ancestry]
   213 | D:1      | Reached XP level 2. HP: 9/24 MP: 2/2
  1234 | D:2      | Reached XP level 3. HP: 15/29 MP: 3/3
  1401 | D:2      | Noticed Sigmund
  1495 | D:2      | Slain by a worm

Illustrated notes

Levels and vault maps discovered:
D:1:      evilmike_arrival_plus, layout_rooms
D:2:      layout_rooms, ebering_ecumenical_altar_hall, uniq_sigmund

Skill      XL: |  1  2 |
---------------+-------+-----
Long Blades    | 3 |  3.2
Dodging        | 3 |  3.0
Fighting       | |  3.5
Stealth        | |  1.9

Action                   || total
-------------------------++-------
Melee: Falchion          ||    90
 Stab: Sleeping          ||     4
Armor: Robe              ||    32
Dodge: Dodged            ||    69
Block: Other             ||    15
       Rpst.: Falchion   ||    25
